 Dungeon Crawl Stone Soup version 0.27-a0-909-g0721f309d1 (webtiles) character file.

Game seed: 7311738840054885809

617 mhtbhm the Cudgeller (level 7, -7/52 HPs)
             Began as a Gargoyle Berserker on Apr 8, 2021.
             Was a Believer of Trog.
             Killed from afar by a wretched star (21 damage)
             ... with a lance of force
             ... on level 3 of the Abyss.
             The game lasted 00:04:31 (5392 turns).

mhtbhm the Cudgeller (Gargoyle Berserker)           Turns: 5392, Time: 00:04:31

Health: -7/52      AC: 21    Str: 23    XL:     7   Next: 45%
Magic:  7/7        EV:  7    Int:  7    God:    Trog [**....]
Gold:   198        SH:  0    Dex:  9    Spells: 6/6 levels left

rFire    . . .     SeeInvis .   a - +3 whip
rCold    . . .     Faith    .   (no shield)
rNeg     + . .     Spirit   .   b - +0 plate armour
rPois    ∞         Reflect  .   (no helmet)
rElec    +         Harm     .   m - +0 cloak {Stlth+}
rCorr    .         Rampage  .   n - +0 pair of gloves
Will     .....                  q - +1 pair of boots {Fly}
Stlth    ..........             k - amulet of the acrobat
HPRegen  0.17/turn              (no ring)
MPRegen  0.10/turn              (no ring)

@: berserking, unable to read, flying, very quick
A: AC +4, negative energy resistance 1, electricity resistance, torment
resistance 1, unbreathing 1, petrification resistance, [frail 2], [inability to
read while threatened]
a: Renounce Religion, Berserk, Trog's Hand


You were on level 3 of the Abyss.
You worshipped Trog.
Trog was pleased with you.
You visited 1 branch of the dungeon, and saw 5 of its levels.
You visited the Abyss 1 time.

You collected 363 gold pieces.
You spent 165 gold pieces at shops.

Inventory:

Hand Weapons
 a - a +3 whip (weapon)
Armour
 b - a +0 plate armour (worn)
 m - a +0 cloak of stealth (worn)
 n - a +0 pair of gloves (worn)
 q - a +1 pair of boots of flying (worn)
Jewellery
 i - a ring of ice
 k - an amulet of the acrobat (around neck)
 t - an amulet of guardian spirit
Wands
 g - a wand of mindburst (10)
 r - a wand of acid (7)
 w - a wand of random effects (14)
Scrolls
 c - a scroll of teleportation
 e - a scroll of blinking {unknown}
 h - 2 scrolls of identify {unknown}
 j - 3 scrolls of magic mapping {unknown}
 l - a scroll of summoning {unknown}
 u - a scroll of fog {unknown}
Potions
 d - a potion of might {unknown}
 f - a potion of heal wounds {unknown}
 o - a potion of haste {unknown}
 p - a potion of attraction {unknown}
 s - a potion of invisibility {unknown}
 v - a potion of flight {unknown}
 x - a potion of brilliance {unknown}


   Skills:
 + Level 5.0 Fighting
 + Level 6.0 Maces & Flails
 + Level 4.5 Armour
 + Level 2.4 Dodging
 + Level 1.6 Stealth


You had 6 spell levels left.
You didn't know any spells.
Your spell library was empty.

Dungeon Overview and Level Annotations

Branches:
Dungeon (5/15)             Temple (0/1) D:4

Altars:
Makhleb

Shops:
D:4 [


Innate Abilities, Weirdness & Mutations

Your stone body is resilient. (AC +4)
You are immune to poison.
You resist negative energy. (rN+)
You are resistant to electric shocks. (rElec)
You are resistant to unholy torment.
You can survive without breathing.
You are immune to petrification.
[You are very frail. (-20% HP)]
[You sometimes lose the ability to read scrolls when taking damage.]


Message History

A wretched star is nearby!
The wretched star glows turbulently.
The lance of force hits you!
You are knocked back by the lance of force.
You slam into the rock wall!
* * * LOW HITPOINT WARNING * * *
A red film seems to cover your vision as you go berserk!
You feel yourself moving faster!
You feel mighty!
Hit: a) +3 whip
Press: ? - help, Dir - move target Your weapon can't reach that far!
Okay, then.
You hit the wretched star.
The wretched star is lightly damaged.
You whack the wretched star!
The wretched star is lightly damaged.
You hit the wretched star.
The wretched star is moderately damaged.
You whack the wretched star!
The wretched star is heavily damaged.
The wretched star glows turbulently.
The lance of force hits you but does no damage.
You hit the wretched star.
The wretched star is heavily damaged.
You whack the wretched star!
The wretched star is severely damaged.
The wretched star pulses with an eldritch light!
You feel frail. x2
You whack the wretched star!
The wretched star is severely damaged.
You whack the wretched star!
The wretched star is almost destroyed.
The wretched star pulses with an eldritch light!
You lose the ability to read scrolls when threatened.
You hit the wretched star.
The wretched star is almost destroyed.
The wretched star glows turbulently.
The lance of force hits you!!
You feel threatened and lose the ability to read scrolls!
You die...

...# . ..
. . #.. #
#.. # #
##.# # .
. ...# ∩
### #.#
#.# #
#.###.#.#
#.#.....#
#.@....#
#*##...#
#.# .#$#
...####.#
#
#§......
*#######


You could see a wretched star.

Vanquished Creatures
  An ogre (D:5)
  A phantom (D:5)
  4 killer bees (D:4)
  2 hounds (D:4)
  A gnoll shaman (D:5)
  An orc wizard (D:5)
  7 gnolls
  2 adders
  An ufetubus (Abyss:3)
  A worm (D:2)
  3 dart slugs
  5 orcs
  4 bats
  5 endoplasms
  A giant cockroach (D:2)
  4 goblins
  4 hobgoblins
  2 jackals (D:1)
  4 quokkas
  8 ball pythons
  A frilled lizard (D:1)
  5 kobolds
  9 rats
76 creatures vanquished.

Notes
Turn   | Place    | Note
-------+----------+-------------------------------------------
     0 | D:1      | mhtbhm the Gargoyle Berserker began the quest for the Orb.
     0 | D:1      | Reached XP level 1. HP: 14/14 MP: 1/1
   198 | D:1      | Reached XP level 2. HP: 11/19 MP: 2/2
   695 | D:1      | Found a faded altar of an unknown god.
  1023 | D:1      | Reached XP level 3. HP: 21/24 MP: 3/3
  1834 | D:2      | Reached ** piety under Trog
  2565 | D:3      | Reached XP level 4. HP: 29/29 MP: 4/4
  3217 | D:3      | Reached skill level 4 in Maces & Flails
  3369 | D:3      | Found a burning altar of Makhleb.
  3513 | D:4      | Found a staircase to the Ecumenical Temple.
  3574 | D:4      | Found Satir's Armour Shop.
  3581 | D:4      | Bought a +1 pair of boots of flying for 165 gold pieces
  3681 | D:4      | Reached XP level 5. HP: 33/33 MP: 5/5
  3818 | D:4      | Reached skill level 1 in Stealth
  3896 | D:4      | Reached skill level 5 in Maces & Flails
  3896 | D:4      | Reached XP level 6. HP: 35/39 MP: 6/6
  4503 | D:5      | Entered Level 5 of the Dungeon
  4515 | D:5      | Reached XP level 7. HP: 30/44 MP: 7/7
  4935 | D:5      | Reached skill level 6 in Maces & Flails
  4981 | D:5      | Cast into level 2 of the Abyss (kobold brigand)
  5103 | Abyss:2  | Noticed a spatial vortex
  5264 | Abyss:2  | Noticed a spatial vortex
  5267 | Abyss:2  | Noticed a spatial maelstrom
  5267 | Abyss:2  | Noticed a raiju
  5268 | Abyss:2  | Noticed a raiju
  5269 | Abyss:2  | Noticed a spatial vortex
  5269 | Abyss:2  | Noticed a raiju
  5270 | Abyss:2  | Noticed a spatial vortex
  5270 | Abyss:2  | Noticed a spatial vortex
  5271 | Abyss:2  | Noticed a spatial vortex
  5284 | Abyss:3  | Noticed a Hell Sentinel
  5320 | Abyss:3  | Reached skill level 5 in Fighting
  5375 | Abyss:3  | Noticed a wretched star
  5392 | Abyss:3  | Killed from afar by a wretched star

Illustrated notes

Levels and vault maps discovered:
D:1:      ebering_hopf_link, layout_loops_ring, basic_ecumenical_altar,
          chequers_avenue, minmay_misc_feat_plants, minmay_tiny_reverse_x
D:2:      layout_basic, minmay_tall_x
D:3:      layout_basic, marbit_many_paths, minivault_4
D:4:      layout_basic, minmay_temple_entry_offerings, serial_shops,
          nicolae_shop_crystal
D:5:      layout_basic, nrook_mini_vaults
Abyss:3:  base: D:4, minivault_13, evilmike_abyss_exit_vortex

Skill      XL: |  1  2  3  4  5  6  7 |
---------------+----------------------+-----
Fighting       | 4 5 |  5.0
Maces & Flails | 4 5 6 |  6.0
Dodging        | 2 |  2.4
Stealth        | 1 |  1.6
Armour         | 3 4 |  4.5

Action                   |  1- 3 |  4- 6 |  7- 9 || total
-------------------------+-------+-------+-------++-------
Melee: Mace              |   111 |       |       ||   111
       Whip              |     8 |   117 |   105 ||   230
Invok: Berserk           |     2 |     2 |     2 ||     6
  Use: Scroll            |       |     1 |     1 ||     2
 Stab: Sleeping          |     1 |       |       ||     1
Armor: Animal skin       |    44 |       |       ||    44
       Plate armour      |       |   119 |    80 ||   199
Dodge: Dodged            |    95 |    85 |    43 ||   223

Table legend: (Time is in decaauts)
 A = Elapsed time spent in this place.
 B = Non-inter-level travel time spent in this place.
 C = Inter-level travel time spent in this place.
 D = Time resting spent in this place.
 E = Time spent auto-exploring this place.
 F = Levels seen in this place.
 G = Mean time per level.
                   A        B        C        D        E       F      G
               +--------+--------+--------+--------+--------+-----+--------+
         Total |   5423 |   5295 |    128 |   1094 |   3373 |   7 |  774.7 |
       Dungeon |   5019 |   4891 |    128 |    823 |   3373 |   5 | 1003.8 |
         Abyss |    404 |    404 |      0 |    271 |      0 |   2 |  202.0 |
               +--------+--------+--------+--------+--------+-----+--------+

Top non-repeatable levels by time:
     D:2: 1399 daAuts
     D:1: 1181 daAuts
     D:4: 1076 daAuts
     D:3: 894 daAuts
     D:5: 467 daAuts
 Abyss:2: 289 daAuts
 Abyss:3: 114 daAuts
